 Dungeon Crawl Stone Soup version 0.31-a0-596-g831eee08f1 (webtiles) character file.

Game seed: 12874039408137548323

17710 timneilson the Protected (level 12, -1/73 HPs)
             Began as a Gargoyle Fighter on Aug 20, 2023.
             Was a High Priest of Okawaru.
             Killed from afar by Frances (22 damage)
             ... with an entropic shot
             ... on level 12 of the Dungeon.
             The game lasted 00:25:55 (11784 turns).

timneilson the Protected (Gargoyle Fighter)        Turns: 11784, Time: 00:25:55

Health: -1/73      AC: 44    Str: 23    XL:     12   Next: 50%
Magic:  0/16       EV: 12    Int:  7    God:    Okawaru [*****.]
Gold:   686        SH:  9    Dex: 11    Spells: 11/11 levels left

rFire   . . .        e - +0 long sword (elec)
rCold   . . .        c - +1 buckler
rNeg    + . .        s - +18 Lear's hauberk
rPois   ∞            (helmet currently unavailable)
rElec   +            (no cloak)
rCorr   .            (gloves currently unavailable)
SInv    .            (boots currently unavailable)
Will    ++...        l - amulet of guardian spirit Stlth
                     d - +4 ring of protection
HPRegen 0.32/turn    i - ring of willpower
MPRegen 0.15/turn

%: guardian spirit
@: heroic, finesse-ful, spiked
A: sickness immunity, AC +8, negative energy resistance 1, electricity
resistance, torment resistance 1, petrification resistance, dopey 1,
strong-willed 1
a: Renounce Religion, Heroism, Finesse, Duel


You were on level 12 of the Dungeon.
You worshipped Okawaru.
Okawaru was extremely pleased with you.
You visited 2 branches of the dungeon, and saw 13 of its levels.

You collected 686 gold pieces.

Inventory:

Hand Weapons
 a - a +0 long sword
 e - a +0 long sword of electrocution (weapon)
 G - a +0 scimitar
Missiles
 y - 3 throwing nets
Armour
 c - a +1 buckler (worn)
 o - a +0 pair of gloves
 p - a +0 chain mail
 s - the +18 Lear's hauberk (worn)
   (You found it on level 4 of the Dungeon)
 u - the +5 crystal plate armour of the Tuna {Harm rElec rPois Dex+3}
   (You acquired it on level 7 of the Dungeon)

   Dex+3:     It affects your dexterity (+3).
   rElec:     It insulates you from electricity.
   rPois:     It protects you from poison Harm: It increases damage dealt and
   taken.
 w - a +0 pair of boots
 B - a +0 helmet
Jewellery
 d - a +4 ring of protection (left hand)
 i - a ring of willpower (right hand)
 l - an amulet of guardian spirit (around neck)
Wands
 b - a wand of roots (22)
 q - a wand of digging (6)
Scrolls
 g - 4 scrolls of immolation
 k - 3 scrolls of teleportation
 m - 2 scrolls of blinking
 t - a scroll of vulnerability
 v - 2 scrolls of fear
 z - 2 scrolls of amnesia
 A - 4 scrolls of identify
 C - a scroll of noise {unknown}
 F - a scroll of revelation
 H - a scroll of enchant armour
Potions
 f - a potion of magic
 h - 2 potions of mutation
 j - a potion of cancellation
 r - 3 potions of attraction
 x - a potion of curing
 D - 2 potions of might
 E - 2 potions of brilliance


   Skills:
 + Level 8.1(13.1) Fighting
 * Level 8.8(13.8) Long Blades
 * Level 10.9(15.9) Armour
 + Level 5.3(10.3) Dodging
 * Level 10.8(15.8) Shields
 + Level 5.8 Invocations
 + Level 4.9 Evocations


You had 11 spell levels left.
You didn't know any spells.
Your spell library contained the following spells:

 Spells                   Type           Power      Damage    Failure   Level
 Blink                    Tloc           0%         N/A       95%         2
 Lesser Beckoning         Tloc           0%         N/A       95%         2
 Momentum Strike          Conj/Tloc      0%         3d8       95%         2
 Static Discharge         Conj/Air       0%         2-2/arc   95%         2
 Gell's Gravitas          Tloc           0%         N/A       99%         3
 Hailstorm                Conj/Ice       0%         3d3       99%         3
 Teleport Other           Tloc           0%         N/A       99%         3
 Airstrike                Air            0%         2d(0-16)  100%        4
 Summon Ice Beast         Ice/Summ       Unusable   N/A       N/A         4
 Summon Lightning Spire   Summ/Air       Unusable   N/A       N/A         4
 Simulacrum               Ice/Necr       Unusable   N/A       N/A         6

Dungeon Overview and Level Annotations

Branches:
Dungeon (12/15)            Temple (1/1) D:4            Lair (0/5) D:8
    Orc (0/2) D:11

Altars:
Ashenzari
Cheibriados
Dithmenos
Elyvilon
Fedhas
Gozag
Hepliaklqana
Kikubaaqudgha
Makhleb
Nemelex Xobeh
Okawaru
Qazlal
Ru
Sif Muna
Trog
Uskayaw
Vehumet
Wu Jian
Xom
Yredelemnul
Zin
The Shining One

Shops:
D:6 (

Annotations:
D:10 2 runed translucent doors, redkitty's ghost, journeyman MfSh
D:11 3 runed translucent doors, Robaetem's ghost, journeyman TrBe
D:12 2 transporters, Frances; thirtiethelement's ghost, journeyman DsCA


Innate Abilities, Weirdness & Mutations

You are immune to sickness and miasma.
Your stone body is resilient. (AC +8)
You are immune to poison.
You resist negative energy. (rN+)
You are resistant to electric shocks. (rElec)
You are resistant to unholy torment.
You are immune to petrification.
You are dopey. (Int -2)
You are strong-willed. (Will+)


Message History

You hit Frances but do no damage. Lightning courses through Frances!
Frances is heavily wounded.
You slash Frances!
Frances is heavily wounded.
The chaos spawn completely misses you.
Frances whispers indecipherable words.
The entropic shot hits you!
* * * LOW HITPOINT WARNING * * *
The red devil hits you but does no damage.
You feel much better. You block the orange demon's attack.
The orange demon hits you but does no damage.
Frances hits you but does no damage.
The chaos spawn hits you but does no damage.
The red devil hits you but does no damage.
You hit Frances.
Frances is heavily wounded.
Frances hits you but does no damage. The orange demon misses you.
You block the orange demon's attack.
You hit Frances but do no damage.
Frances is heavily wounded.
You block the chaos spawn's attack. You block the red devil's attack.
Frances hits you with a +0 halberd.
You closely miss Frances.
Frances is heavily wounded.
The orange demon barely misses you.
The orange demon hits you but does no damage.
You barely miss Frances.
Frances is heavily wounded.
Frances misses you.
You hit Frances.
Frances is severely wounded.
The chaos spawn misses you.
The red devil hits you from afar with a +0 trident!
* * * LOW HITPOINT WARNING * * *
Barbed spikes become lodged in your body.
You barely miss Frances.
Frances is severely wounded.
Frances screams a word of power!
The entropic shot hits you!!
You die...

######## ## ####
#......# ?.. ..
#... .....#......#
.... ...#...
....#......# .....
...####
#...#....4.#4.....
....... .
#...#.....@@......
...... .
#...#......4......
..#... .
#...#.............
. #...
#...#...####......
#... #..))...#
...... #...
#######..)....#
[..... ####
#.....#####...#
..... #...
#.........#...####
..... #...
#..#......#......#
#...


You could see Frances (fast), an orange demon (summoned), a chaos spawn
(summoned) and a red devil (summoned).

Vanquished Creatures
  7 two-headed ogres
  Nergalle (D:12)
  Amaemon (D:8)
  The ghost of bahustanut the Changeling, a novice OgSh of Cheibriados (D:6)
  Pikel (D:5)
  A cyclops (D:11)
  An orange demon (D:7)
  Joseph (D:10)
  3 gargoyles
  2 unseen horrors
  A kobold demonologist (D:12)
  A troll (D:9)
  A hornet (D:10)
  Sigmund (D:2)
  3 shadows
  A vampire (D:12)
  2 wraiths
  17 yaks
  A wyvern (D:7)
  A steam dragon (D:9)
  A warg (D:11)
  4 water moccasins
  A black bear (D:7)
  4 orc warriors
  6 ogres (D:6)
  5 centaurs
  2 lemures (D:5)
  A phantom (D:5)
  6 kobold brigands
  2 bullfrogs
  3 gnoll sergeants
  3 scorpions
  12 wights
  A killer bee (D:10)
  3 howler monkeys
  4 jellies
  2 hounds
  5 orc priests
  4 iguanas
  A sleepcap (D:6)
  12 orc wizards
  9 adders
  19 gnolls
  2 white imps
  An ufetubus (D:5)
  3 worms
  2 dart slugs
  23 orcs
  4 bats
  10 endoplasms
  3 giant cockroaches
  5 hobgoblins
  4 jackals (D:1)
  33 kobolds
  3 quokkas
  5 ball pythons
  4 frilled lizards
  6 goblins
  6 rats
272 creatures vanquished.

Notes
Turn   | Place    | Note
-------+----------+-------------------------------------------
     0 | D:1      | timneilson the Gargoyle Fighter began the quest for the
                  | Orb.
     0 | D:1      | Reached XP level 1. HP: 14/14 MP: 1/1
   203 | D:1      | Reached XP level 2. HP: 19/19 MP: 2/2
   724 | D:2      | Reached XP level 3. HP: 23/23 MP: 3/3
   783 | D:2      | Found a burning altar of Makhleb.
   833 | D:2      | Noticed Sigmund
   845 | D:2      | Killed Sigmund
   846 | D:2      | Reached skill level 1 in Dodging
   846 | D:2      | Reached XP level 4. HP: 5/29 MP: 4/4
   846 | D:2      | Reached XP level 5. HP: 6/33 MP: 5/5
  2024 | D:3      | Reached XP level 6. HP: 7/38 MP: 6/6
  2026 | D:3      | Gained mutation: You are dopey. (Int -2) [potion of
                  | mutation]
  2026 | D:3      | Gained mutation: You are strong-willed. (Will+) [potion of
                  | mutation]
  2359 | D:3      | Found a faded altar of an unknown god.
  2442 | D:3      | Found a shimmering blue altar of Sif Muna.
  2611 | D:3      | Identified the +0 leather armour "Dylayd" {Rampage rC+}
  2686 | D:3      | Found a shimmering altar of Xom.
  2940 | D:4      | Reached skill level 5 in Armour
  3013 | D:4      | Reached skill level 5 in Shields
  3124 | D:4      | Reached XP level 7. HP: 43/43 MP: 7/7
  3196 | D:4      | Found the +18 Lear's hauberk
  3424 | D:4      | Found a staircase to the Ecumenical Temple.
  3431 | Temple   | Entered the Ecumenical Temple
  3695 | D:4      | Found a white marble altar of Elyvilon.
  3768 | D:5      | Entered Level 5 of the Dungeon
  4214 | D:5      | Found an opulent altar of Gozag.
  4433 | D:5      | Reached XP level 8. HP: 47/48 MP: 8/8
  4519 | D:5      | Noticed Pikel
  4553 | D:5      | Killed Pikel
  4554 | D:5      | Reached skill level 5 in Fighting
  4864 | D:6      | Found an iron altar of Okawaru.
  4872 | D:6      | Reached skill level 5 in Long Blades
  4878 | D:6      | Became a worshipper of Warmaster Okawaru
  5057 | D:6      | Noticed a yak
  5057 | D:6      | Noticed a yak
  5057 | D:6      | Noticed a yak
  5089 | D:6      | Killed a yak
  5089 | D:6      | Reached * piety under Okawaru
  5090 | D:6      | Reached skill level 1 in Invocations
  5090 | D:6      | Reached skill level 1 in Evocations
  5090 | D:6      | Reached XP level 9. HP: 41/54 MP: 5/9
  5216 | D:6      | Found a runed translucent door.
  5225 | D:6      | Noticed bahustanut's ghost (novice OgSh)
  5530 | D:6      | Found Leloc's Weapon Shoppe.
  5530 | D:6      | Noticed a +0 triple sword
  5533 | D:6      | Noticed a +0 giant club
  5533 | D:6      | Found the +6 shillelagh "Devastator" {shatter}
  5589 | D:6      | Reached ** piety under Okawaru
  5696 | D:6      | Found a radiant altar of Vehumet.
  6549 | D:7      | Reached *** piety under Okawaru
  6550 | D:7      | Reached XP level 10. HP: 57/60 MP: 12/12
  6909 | D:7      | Identified a scroll of acquirement
  6909 | D:7      | Acquired the +5 crystal plate armour of the Tuna {Harm
                  | rElec rPois Dex+3}
  7028 | D:8      | Noticed an orange demon
  7066 | D:7      | Killed an orange demon
  7122 | D:8      | Noticed Amaemon
  7150 | D:8      | Killed Amaemon
  7150 | D:8      | Reached **** piety under Okawaru
  7431 | D:8      | Found a staircase to the Lair.
  8096 | D:9      | Reached ***** piety under Okawaru
  8123 | D:9      | Reached XP level 11. HP: 54/66 MP: 12/14
  8287 | D:9      | Noticed a two-headed ogre
  8302 | D:9      | Killed a two-headed ogre
  8414 | D:9      | Found a stormy altar of Qazlal.
  8422 | D:9      | Found a snail-covered altar of Cheibriados.
  8584 | D:9      | Found a glowing silver altar of Zin.
  8830 | D:10     | Entered Level 10 of the Dungeon
  8830 | D:10     | Found a large runed translucent door.
  8830 | D:10     | Found a large runed translucent door.
  8831 | D:10     | Noticed redkitty's ghost (journeyman MfSh)
  8856 | D:10     | Identified the +3 whip "Iqafes" {drain, *Noise rC+ Will+}
  9031 | D:10     | Noticed a two-headed ogre
  9039 | D:10     | Killed a two-headed ogre
  9039 | D:10     | Identified the +1 scale mail of Okawaru, Baking {-Cast rC+
                  | rN+ Str+5} (Okawaru gifted it to you on level 10 of the
                  | Dungeon)
  9039 | D:10     | Received a gift from Okawaru
  9206 | D:10     | Noticed a two-headed ogre
  9218 | D:10     | Killed a two-headed ogre
  9513 | D:10     | Noticed Joseph
  9536 | D:10     | Killed Joseph
  9537 | D:10     | Reached skill level 10 in Armour
  9597 | D:10     | Reached skill level 10 in Shields
  9597 | D:10     | Reached skill level 5 in Invocations
  9876 | D:6      | Killed bahustanut's ghost
  9992 | D:11     | Noticed a cyclops
 10010 | D:11     | Killed a cyclops
 10049 | D:11     | Reached skill level 5 in Dodging
 10174 | D:11     | Reached XP level 12. HP: 56/72 MP: 12/15
 10232 | D:11     | Noticed a two-headed ogre
 10247 | D:11     | Noticed a two-headed ogre
 10262 | D:11     | Killed a two-headed ogre
 10269 | D:11     | Noticed a two-headed ogre
 10298 | D:11     | Killed a two-headed ogre
 10331 | D:11     | Found a staircase to the Orcish Mines.
 10353 | D:11     | Killed a two-headed ogre
 10625 | D:11     | Found a runed translucent gate.
 10625 | D:11     | Found a runed translucent gate.
 10627 | D:11     | Found a runed translucent gate.
 10627 | D:11     | Noticed Robaetem's ghost (journeyman TrBe)
 10905 | D:12     | Found a transporter.
 10912 | D:12     | Noticed a two-headed ogre
 10921 | D:12     | Found a transporter.
 10921 | D:12     | Noticed thirtiethelement's ghost (journeyman DsCA)
 10921 | D:12     | Noticed a two-headed ogre
 10921 | D:12     | Noticed a tengu warrior
 10921 | D:12     | Noticed a two-headed ogre
 10925 | D:12     | Found a bloodstained altar of Trog.
 10991 | D:12     | Noticed Nergalle
 11020 | D:12     | Killed Nergalle
 11632 | D:12     | Noticed a two-headed ogre
 11641 | D:12     | Killed a two-headed ogre
 11757 | D:12     | Noticed Frances
 11784 | D:12     | Killed from afar by Frances

Illustrated notes

Levels and vault maps discovered:
D:1:      zelgadis_glass_arrival_small, layout_loops_ring,
          minmay_misc_feat_plants, minmay_tripent
D:2:      layout_loops_corners, basic_altar, uniq_sigmund
D:3:      layout_basic, nicolae_sif_muna_little_library, lemuel_tele_altar,
          basic_ecumenical_altar
D:4:      layout_loops_ring, mainiacjoe_overflow_alcove_4, temple_green
D:5:      layout_basic, nicolae_overflow_crystal_walls,
          minmay_misc_feat_secret_circle, uniq_pikel
D:6:      layout_cave_pods, marbit_many_paths, okawaru_ov_weapons_minmay,
          serial_shops, nicolae_shop_mannequins, ebering_ghost_sewer_d,
          dilly_guarded_unrand_devastator
D:7:      layout_basic, hangedman_decor_lopped
D:8:      layout_loops_ring, lair_entry_dummy, chequers_serial_rivers_micro_e,
          uniq_amaemon
D:9:      layout_basic, mainiacjoe_overflow_surrounded_room,
          nicolae_qazlal_general_emergency, lemuel_crystal_altar
D:10:     layout_cave_pools, ebering_ghost_disaster_area, minmay_puff,
          uniq_joseph
D:11:     layout_loops_ring, erik_orc_4, gammafunk_ghost_nasty_kobolds,
          grunt_ministairs_6, minivault_25
D:12:     layout_grid_maze, gammafunk_ghost_wrathful_warriors, uniq_nergalle,
          uniq_frances
Temple:   nicolae_temple_figure_eight

Skill      XL: |  1  2  3  4  5  6  7  8  9 10 11 12 |
---------------+-------------------------------------+-----
Long Blades    | 2 3 4 5 6 7 8 |  8.8
Armour         | 4 5 7 9 10 | 10.9
Dodging        | 1 2 3 4 5 |  5.3
Shields        | 4 5 6 7 9 10 | 10.8
Fighting       | 4 5 6 7 8 |  8.1
Invocations    | 1 2 4 5 |  5.8
Evocations     | 1 2 3 4 |  4.9

Action                     |  1- 3 |  4- 6 |  7- 9 | 10-12 || total
---------------------------+-------+-------+-------+-------++-------
  Melee: Long sword        |    77 |   191 |   418 |   874 ||  1560
 Invoke: Heroism           |       |       |       |     8 ||     8
         Finesse           |       |       |       |     1 ||     1
    Use: Scroll            |     3 |     3 |     5 |     6 ||    17
         Potion            |     1 |     3 |       |     1 ||     5
 Armour: Scale mail        |    37 |   105 |    64 |       ||   206
         Chain mail        |       |       |   147 |   643 ||   790
  Dodge: Dodged            |    36 |    72 |   159 |   381 ||   648
  Block: Buckler           |    14 |    54 |   121 |   341 ||   530

Table legend: (Time is in decaauts)
 A = Elapsed time spent in this place.
 B = Non-inter-level travel time spent in this place.
 C = Inter-level travel time spent in this place.
 D = Time resting spent in this place.
 E = Time spent auto-exploring this place.
 F = Levels seen in this place.
 G = Mean time per level.
                   A        B        C        D        E       F      G
               +--------+--------+--------+--------+--------+-----+--------+
         Total |  11958 |  11405 |    553 |    203 |   7875 |  13 |  919.8 |
       Dungeon |  11957 |  11404 |    553 |    203 |   7875 |  12 |  996.4 |
        Temple |      1 |      1 |      0 |      0 |      0 |   1 |    1.0 |
               +--------+--------+--------+--------+--------+-----+--------+

Top non-repeatable levels by time:
     D:6: 1344 daAuts
     D:3: 1257 daAuts
     D:5: 1093 daAuts
     D:9: 1016 daAuts
    D:11: 1005 daAuts
     D:4: 991 daAuts
     D:2: 985 daAuts
    D:10: 963 daAuts
     D:7: 954 daAuts
     D:8: 856 daAuts
    D:12: 763 daAuts
     D:1: 724 daAuts
  Temple: 1 daAuts
